 Dungeon Crawl Stone Soup version 0.27-a0-1189-gb8eb6cee8e (console) character file.

Game seed: 5359623502569746447

217 Hector the Skirmisher (level 6, -2/73 HPs)
             Began as a Formicid Abyssal Knight on May 23, 2021.
             Was a Believer of Lugonu.
             Slain by a hornet (5 damage)
             ... on level 4 of the Dungeon.
             The game lasted 00:08:31 (3991 turns).

Hector the Skirmisher (Formicid Abyssal Knight)     Turns: 3991, Time: 00:08:32

Health: -2/73      AC: 23    Str: 18    XL:     6   Next: 16%
Magic:  8/8        EV:  2    Int: 12    God:    Lugonu [**....]
Gold:   52         SH:  0    Dex: 10    Spells: 5/5 levels left

rFire    . . .     SeeInvis .   a - +1 hand axe
rCold    . . .     Faith    .   (no shield)
rNeg     + + +     Spirit   .   (armour currently unavailable)
rPois    +         Reflect  .   (helmet unavailable)
rElec    .         Harm     .   (cloak currently unavailable)
rCorr    .         Rampage  .   (gloves currently unavailable)
Will     .....                  (boots currently unavailable)
Stlth    +.........             (no amulet)
HPRegen  0.22/turn              (no ring)
MPRegen  0.11/turn              (no ring)

@: mighty, lethally poisoned (-2 -> -19), tree-form
A: stationary, stasis, torment immunity, boosted hp, permanent stasis, dig
shafts and tunnels, (antennae 3), four strong arms
a: Renounce Religion, Depart the Abyss, Bend Space


You were on level 4 of the Dungeon.
You worshipped Lugonu.
Lugonu was pleased with you.
You were a tree.
You visited 1 branch of the dungeon, and saw 4 of its levels.
You visited the Abyss 1 time.

You collected 124 gold pieces.
You spent 72 gold pieces at shops.

Inventory:

Hand Weapons
 a - a +1 hand axe (weapon)
 k - a +0 spear
 l - a +0 trident
Missiles
 h - 7 javelins
 s - 18 stones
 t - 20 poisoned darts
Armour
 b - a +0 leather armour
 d - a +0 scale mail (melded)
 e - a +0 cloak (melded)
 g - a +0 pair of gloves (melded)
 m - a +0 ring mail
Jewellery
 j - a ring of fire
Scrolls
 n - a scroll of teleportation {unknown}
 r - 3 scrolls of identify
 u - a scroll of silence {unknown}
Potions
 f - 2 potions of might
 i - 4 potions of curing
 o - a potion of brilliance
 p - a potion of mutation
 q - a potion of resistance


   Skills:
 + Level 4.3 Fighting
 * Level 4.2 Axes
 + Level 3.0 Armour
 + Level 1.4 Dodging
 * Level 3.2 Invocations


You had 5 spell levels left.
You didn't know any spells.
Your spell library contained the following spells:

 Spells                   Type           Power      Damage    Failure   Level
 Animate Skeleton         Necr           0%         N/A       32%         1
 Apportation              Tloc           0%         N/A       32%         1
 Beastly Appendage        Tmut           0%         N/A       32%         1
 Corona                   Hex            0%         N/A       32%         1
 Summon Small Mammal      Summ           0%         N/A       32%         1
 Wereblood                Tmut           0%         N/A       45%         2
 Confusing Touch          Hex            0%         N/A       69%         3
 Gell's Gravitas          Tloc           0%         N/A       69%         3
 Spider Form              Tmut/Pois      0%         N/A       69%         3
 Ice Form                 Ice/Tmut       0%         N/A       97%         4
 Petrify                  Tmut/Erth      0%         N/A       97%         4
 Hydra Form               Tmut           0%         N/A       100%        5
 Metabolic Englaciation   Hex/Ice        0%         N/A       100%        5
 Yara's Violent Unravell  Hex/Tmut       0%         3d3       100%        5


Dungeon Overview and Level Annotations

Branches:
Dungeon (4/15)
 Temple: D:4-7

Altars:
Trog

Shops:
D:1 (   D:3 ?!(


Innate Abilities, Weirdness & Mutations

You are a tree.
Your roots penetrate the ground, keeping you stationary.
You cannot be teleported.
You are immune to unholy pain and torment.
Your maximum health is greatly increased.
Your equipment is partially melded.
You cannot be hasted, slowed, berserked, paralysed or teleported.
You can dig through walls and to a lower floor.
((You have a pair of large antennae on your head. (SInv)))
Your four strong arms can wield two-handed weapons with a shield.


Message History

Your stasis prevents you from being slowed.
You miss the water moccasin. You hit the hornet but do no damage.
The water moccasin barely misses you. The hornet barely misses you.
The water moccasin bites you!
You are poisoned.
The water moccasin poisons you! The hornet stings you.
Your stasis prevents you from being slowed.
You slash the water moccasin!
The water moccasin is moderately wounded.
You hit the hornet.
You feel very sick. The hornet stings you!
You are lethally poisoned!
Your stasis prevents you from being slowed.
The water moccasin bites you but does no damage.
It was a potion of curing.
You feel better. The hornet closely misses you.
The water moccasin bites you but does no damage.
The hornet stings you but does no damage.
The water moccasin bites you.
You are poisoned.
The water moccasin poisons you!
You feel very mighty all of a sudden.
You feel sick. The hornet stings you!
* * * LOW HITPOINT WARNING * * *
Your stasis prevents you from being slowed.
The water moccasin bites you.
* * * LOW HITPOINT WARNING * * *
You are more poisoned.
The water moccasin poisons you!
Really quaff the potion of lignification?
You turn into a tree.
Your +0 cloak melds into your body.
Your +0 pair of gloves melds into your body.
Your +0 scale mail melds into your body.
Your roots penetrate the ground.
* * * LOW HITPOINT WARNING * * *
You feel very sick.
The hornet stings you but does no damage.
The water moccasin bites you but does no damage.
The hornet stings you.
You die...

.. ( . .. #. ... #.###
.... ...###...).
#.#....... .....
###..$...[$. ....#
##...##...... .....
#♣S.......... .... .###
#.y.......... .... ...
#............ ..###.####.
.........#....
##†.........
............###
............#.........##..
##..........#.........# ..
#....................#
##..........


You could see a hornet and a water moccasin.

Vanquished Creatures
  A phantom (D:3)
  6 adders
  4 dart slugs
  3 orcs (D:3)
  5 ball pythons
  6 endoplasms
  4 giant cockroaches
  5 hobgoblins
  4 jackals (D:3)
  5 kobolds
  6 quokkas
  3 bats
  5 frilled lizards
  7 goblins
  8 rats
72 creatures vanquished.

Notes
Turn   | Place    | Note
-------+----------+-------------------------------------------
     0 | Abyss:1  | Hector the Formicid Abyssal Knight began the quest for the
                  | Orb.
     0 | Abyss:1  | Reached XP level 1. HP: 18/18 MP: 2/2
    14 | D:1      | Escaped the Abyss
    79 | D:1      | Found Toxetyd's Weapon Emporium.
   182 | D:1      | Reached XP level 2. HP: 20/25 MP: 3/3
   314 | D:1      | Found a faded altar of an unknown god.
   501 | D:1      | Reached skill level 1 in Dodging
   557 | D:1      | Reached XP level 3. HP: 30/30 MP: 4/4
   701 | D:1      | Reached ** piety under Lugonu
  1292 | D:2      | Reached XP level 4. HP: 32/37 MP: 5/5
  2163 | D:3      | Found Siklomig's Magic Scroll Emporium.
  2491 | D:3      | Noticed a phantom
  2579 | D:3      | Found a bloodstained altar of Trog.
  2590 | D:3      | Reached XP level 5. HP: 26/42 MP: 7/7
  2787 | D:3      | Killed a phantom
  2871 | D:3      | Found Iruch's Distillery.
  2878 | D:3      | Bought a potion of might for 52 gold pieces
  2973 | D:3      | Reached XP level 6. HP: 48/48 MP: 8/8
  3079 | D:3      | Found Ziqotry's Antique Weapon Boutique.
  3751 | D:3      | Bought a scroll of identify for 20 gold pieces
  3865 | D:4      | Noticed an ogre
  3978 | D:4      | Noticed a water moccasin
  3978 | D:4      | Noticed a hornet
  3991 | D:4      | HP: 3/73 [poisoned by a water moccasin]
  3991 | D:4      | Slain by a hornet

Illustrated notes

Levels and vault maps discovered:
D:1:      scummos_arrival_simple_crosswalls, layout_loops_ring,
          ebering_ecumenical_altar_mist, serial_shops, shop
D:2:      layout_basic, dk_noncrumbling_2, chequers_decorated_corner
D:3:      minmay_skewed_foursquare, layout_basic, lemuel_tele_altar,
          serial_shops, nicolae_shop_window_shopping, nicolae_shop_crystal,
          nicolae_shop_window_shopping, minmay_cut_off
D:4:      minmay_clustersquares, layout_rooms,
          grunt_temple_overflow_gold_and_silver

Skill      XL: |  1  2  3  4  5 |
---------------+----------------+-----
Fighting       | 4 |  4.3
Dodging        | 1 |  1.4
Axes           | 3 4 |  4.2
Invocations    | 3 |  3.2
Armour         | 3 |  3.0

Action                   |  1- 3 |  4- 6 || total
-------------------------+-------+-------++-------
Melee: Hand axe          |    90 |   156 ||   246
  Use: Scroll            |       |     4 ||     4
       Potion            |       |     3 ||     3
Armor: Leather armour    |    30 |     9 ||    39
       Ring mail         |       |    46 ||    46
       Scale mail        |       |    18 ||    18
       Skin              |       |     2 ||     2
Dodge: Dodged            |    54 |    87 ||   141

Table legend: (Time is in decaauts)
 A = Elapsed time spent in this place.
 B = Non-inter-level travel time spent in this place.
 C = Inter-level travel time spent in this place.
 D = Time resting spent in this place.
 E = Time spent auto-exploring this place.
 F = Levels seen in this place.
 G = Mean time per level.
                   A        B        C        D        E       F      G
               +--------+--------+--------+--------+--------+-----+--------+
         Total |   4033 |   3690 |    343 |      0 |   2923 |   5 |  806.6 |
       Dungeon |   4019 |   3676 |    343 |      0 |   2915 |   4 | 1004.8 |
         Abyss |     14 |     14 |      0 |      0 |      8 |   1 |   14.0 |
               +--------+--------+--------+--------+--------+-----+--------+

Top non-repeatable levels by time:
     D:3: 1766 daAuts
     D:2: 1125 daAuts
     D:1: 1084 daAuts
     D:4: 42 daAuts
 Abyss:1: 14 daAuts
